 Dungeon Crawl Stone Soup version 0.31-a0-1071-gaead2f62b1 (webtiles) character file.

Game seed: 11208220308542975665

24 timneilson the Ruffian (level 3, -1/23 HPs)
             Began as an Octopode Shapeshifter on Nov 26, 2023.
             Slain by a gnoll
             ... wielding a +0 halberd
              (3 damage)
             ... on level 2 of the Dungeon.
             The game lasted 00:01:55 (1025 turns).

timneilson the Ruffian (Octopode Shapeshifter)      Turns: 1025, Time: 00:01:56

Health: -1/23      AC:  1    Str: 15    XL:     3   Next: 2%
Magic:  3/3        EV: 13    Int: 12    God:
Gold:   124        SH:  0    Dex: 11    Spells: 2/2 levels left

rFire   . .          .
                       - Unarmed
rCold   . . .        (no shield)
rNeg    . . .        (helmet currently unavailable)
rPois   .            (no amulet)
rElec   .            (no ring)
rCorr   .            (no ring)
SInv    .            (no ring)
Will    .....        (no ring)
Stlth   ++           (no ring)
HPRegen 0.23/turn    (no ring)
MPRegen 0.08/turn    (no ring)
                     (no ring)

%: no passive effects
@: beast-form
A: beast (slay +1), almost no armour, amphibious, 8 rings, camouflage 1,
gelatinous body 1, (nimble swimmer 1), tentacles
a: Begin Untransformation


You were on level 2 of the Dungeon.
You were a hulking beast.
You visited 1 branch of the dungeon, and saw 2 of its levels.

You collected 124 gold pieces.

Inventory:

Armour
 e - a +2 hat
Talismans
 b - a beast talisman
 c - a flux talisman
Potions
 a - a potion of lignification
 f - a potion of curing {unknown}
 g - a potion of heal wounds {unknown}
 h - a potion of brilliance {unknown}


   Skills:
 * Level 1.5 Fighting
 * Level 2.3 Dodging
 + Level 1.0 Stealth
 * Level 3.2 Unarmed Combat
 * Level 3.1 Shapeshifting


You had 2 spell levels left.
You didn't know any spells.
Your spell library was empty.

Dungeon Overview and Level Annotations

Branches:
Dungeon (2/15)

Altars:

Shops:
D:1 (


Innate Abilities, Weirdness & Mutations

You are a hulking beast.
Your limbs bulge with bestial killing power. (Slay +1)
You cannot wear most types of armour.
You are amphibious.
You can wear up to eight rings at the same time.
Your skin changes colour to match your surroundings (Stealth+).
Your rubbery body absorbs attacks. (AC +1, EV +1)
((You are camouflaged when in or above water. (Stealth+)))
You have tentacles for arms and can constrict up to eight enemies at once.


Message History

The endoplasm is heavily wounded.
The endoplasm hits you but does no damage.
You tentacle-slap the endoplasm.
You kill the endoplasm!
An endoplasm comes into view.
Found a robe.
The helpless endoplasm fails to defend itself.
You tentacle-slap the endoplasm. You squeeze the endoplasm.
You kill the endoplasm!
You have reached level 3!
Your experience leads to an increase in your attributes!
Increase (S)trength, (I)ntelligence, or (D)exterity?
You feel stronger. x2
A kobold comes into view. It is wielding a +0 club.
The kobold shouts!
Found a ring mail.
Found a dagger.
The kobold misses you.
You tentacle-slap the kobold.
You kill the kobold!
Your Stealth skill increases to level 1!
Things that are here:
a +0 club; a kobold corpse You open the door.
There is an open door here.
A gnoll and an endoplasm come into view.
The endoplasm quivers.
The gnoll shouts!
You hear a shout!
The gnoll hits you with a +0 halberd!
Ouch! That really hurt!
You hear a shout!
You tentacle-slap the gnoll but do no damage.
You grab the gnoll. You constrict the gnoll.
The gnoll hits you with a +0 halberd!
* * * LOW HITPOINT WARNING * * *
You tentacle-slap the gnoll.
The gnoll is lightly wounded.
You constrict the gnoll, but do no damage.
The endoplasm jiggles.
The gnoll hits you with a +0 halberd.
You die...

..... #.# .... ##
#.# ...# . .....
#..# .# #g#.# #..#
.# .g... #..#..#
#J#.# .###..#..#
####g#.# .....<...#
#...h#.#
.###..#....##....#.#
#..# .#.........####
....# #######......#
#..... ...........#
####.# #####......#
..# #......# #g#
#......## #g#
#.......#######...


You could see 3 gnolls and an endoplasm.

Vanquished Creatures
  A dart slug (D:1)
  4 ball pythons (D:1)
  2 endoplasms (D:2)
  A giant cockroach (D:1)
  2 hobgoblins (D:1)
  2 jackals (D:1)
  A quokka (D:1)
  3 goblins (D:1)
  3 kobolds
19 creatures vanquished.

Notes
Turn   | Place    | Note
-------+----------+-------------------------------------------
     0 | D:1      | timneilson the Octopode Shapeshifter began the quest for
                  | the Orb.
     0 | D:1      | Reached XP level 1. HP: 13/13 MP: 1/1
   207 | D:1      | Reached XP level 2. HP: 17/18 MP: 2/2
   462 | D:1      | Found Hemizont's Weapon Boutique.
   994 | D:2      | Reached XP level 3. HP: 23/23 MP: 3/3
  1000 | D:2      | Reached skill level 1 in Stealth
  1025 | D:2      | Slain by a gnoll

Illustrated notes

Levels and vault maps discovered:
D:1:      dpeg_arrival_central, layout_basic, serial_shops, shop
D:2:      layout_basic, hellmonk_ecumenical_altar_lost_god,
          minmay_shallow_snake_nest, uniq_crazy_yiuf_cottage

Skill      XL: |  1  2  3 |
---------------+----------+-----
Stealth        | 1 |  1.0
Fighting       | |  1.5
Dodging        | |  2.3
Unarmed Combat | |  3.2
Shapeshifting  | |  3.1

Action                     || total
---------------------------++-------
  Melee: Unarmed           ||    33
         Constrict         ||     9
         Tentacles         ||     8
    Use: Scroll            ||     2
   Stab: Sleeping          ||     7
 Armour: Skin              ||    12
  Dodge: Dodged            ||    10

Table legend: (Time is in decaauts)
 A = Elapsed time spent in this place.
 B = Non-inter-level travel time spent in this place.
 C = Inter-level travel time spent in this place.
 D = Time resting spent in this place.
 E = Time spent auto-exploring this place.
 F = Levels seen in this place.
 G = Mean time per level.
                   A        B        C        D        E       F      G
               +--------+--------+--------+--------+--------+-----+--------+
         Total |   1023 |    961 |     62 |      0 |    759 |   2 |  511.5 |
       Dungeon |   1023 |    961 |     62 |      0 |    759 |   2 |  511.5 |
               +--------+--------+--------+--------+--------+-----+--------+

Top non-repeatable levels by time:
     D:1: 902 daAuts
     D:2: 120 daAuts
